[Event "WYCC 2018 G14"]
[Site "Halkidiki"]
[Date "2018.10.23"]
[Round "5"]
[White "Galvan Cipriani, Viviana"]
[Black "Mrudul Dehankar"]
[Result "0-1"]
[ECO "A01"]
[WhiteElo "2109"]
[BlackElo "1996"]
[Annotator "NA"]
[PlyCount "120"]
[EventDate "2018.10.20"]
[EventType "swiss"]
[EventCountry "GRE"]
[SourceTitle "playchess.com"]
[Source "ChessBase"]
[SourceQuality "1"]
[TimeControl "40/5400+30:1800+30"]

1. b3 Nf6 2. Bb2 g6 3. Bxf6 exf6 4. c4 Bg7 5. Nc3 f5 6. g3 d6 7. Bg2 Nd7 8. e3 Nf6 9. Nge2 c6 10. d4 O-O 11. O-O Re8 12. Qd3 $11 Qe7 13. b4 h5 14. h4 Ne4 15. a4 Bf6 16. Nf4 Kg7 17. Nce2 d5 18. c5 Kh6 19. f3 Nxg3 20. Nxg3 Qxe3+ 21. Qxe3 Rxe3 22. Rfd1 Bxh4 23. Nf1 Re7 24. b5 Bf6 25. Nh3 g5 26. f4 g4 27. Nf2 Bd7 28. Rab1 Rae8 29. Rb4 h4 30. Rb3 Re2 31. Rb4 Ra2 32. Rd2 Ra1 33. Rd1 Rxd1 34. Nxd1 h3 35. Bh1 Re2 36. Nf2 Bh4 37. Nd3 g3 38. Bf3 Ra2 39. Rb2 Ra1 40. Be2 g2 41. Ne5 Bg3 42. Nxd7 gxf1=Q+ 43. Bxf1 h2+ 44. Rxh2+ Bxh2+ 45. Kxh2 Rxf1 46. bxc6 bxc6 47. Nb8 Ra1 48. Nxc6 Rxa4 49. Kg3 a5 50. Kf3 Rc4 51. Nxa5 Rxd4 52. Nb7 Rc4 53. Nd6 Rc3+ 54. Ke2 Kg6 55. Nb7 Kh5 56. Nd6 Kg4 57. Nxf7 Kxf4 58. Nd8 Ke4 59. c6 f4 60. Kd2 d4 0-1

[Event "WYCC 2018 G14"]
[Site "Halkidiki"]
[Date "2018.10.23"]
[Round "5"]
[White "Krasteva, Beloslava"]
[Black "Obada, Ema"]
[Result "1/2-1/2"]
[ECO "E48"]
[WhiteElo "2089"]
[BlackElo "1811"]
[Annotator "NA"]
[PlyCount "65"]
[EventDate "2018.10.20"]
[EventType "swiss"]
[EventCountry "GRE"]
[SourceTitle "playchess.com"]
[Source "ChessBase"]
[SourceQuality "1"]
[TimeControl "40/5400+30:1800+30"]

1. d4 Nf6 2. c4 e6 3. Nc3 Bb4 4. e3 O-O 5. Bd3 d5 6. cxd5 exd5 7. Nge2 Re8 8. O-O Bd6 9. Bd2 Nbd7 10. Rc1 a6 11. f3 c5 12. Bb1 Nf8 13. dxc5 Bxc5 14. Nd4 Bd7 15. Qb3 Bxd4 16. exd4 Ne6 17. Be3 Bc6 18. Rfe1 Qd6 19. Ne2 Bd7 20. Qd3 Bb5 21. Qd2 Bxe2 22. Rxe2 Rac8 23. Ree1 Qb6 24. Bf5 Rc6 25. Rxc6 Qxc6 26. Rc1 Qb6 27. a4 Qd6 28. b4 Qd7 29. Qc2 Qd6 30. Qd2 Qd7 31. Bc2 g6 32. Bb3 Qd6 33. g3 1/2-1/2

[Event "WYCC 2018 G14"]
[Site "Halkidiki"]
[Date "2018.10.23"]
[Round "5"]
[White "Jyothsna L"]
[Black "Garifullina, Leya"]
[Result "1/2-1/2"]
[ECO "D05"]
[WhiteElo "2060"]
[BlackElo "2106"]
[Annotator "NA"]
[PlyCount "96"]
[EventDate "2018.10.20"]
[EventType "swiss"]
[EventCountry "GRE"]
[SourceTitle "playchess.com"]
[Source "ChessBase"]
[SourceQuality "1"]
[TimeControl "40/5400+30:1800+30"]

1. d4 Nf6 2. Nf3 e6 3. e3 c5 4. Bd3 d5 5. b3 Be7 6. O-O O-O 7. Bb2 b6 8. Ne5 Bb7 9. Qe2 Nbd7 10. Rd1 Qc7 11. Nd2 cxd4 12. Nxd7 Nxd7 13. exd4 $11 Rac8 14. Rac1 Bd6 15. g3 Qd8 16. Ba6 Bxa6 17. Qxa6 Rc7 18. c4 Nf6 19. c5 bxc5 20. Ba3 Qe7 21. Rc2 Rfc8 22. Rdc1 h6 23. Qa5 c4 24. Bxd6 Qxd6 25. bxc4 dxc4 26. Rxc4 Rxc4 27. Rxc4 Rxc4 28. Nxc4 Qxd4 29. Ne3 g6 30. a3 Kg7 31. Qa6 Ne4 32. Qc4 Qxc4 33. Nxc4 Kf6 34. f3 Nc5 35. f4 Nd7 36. Kf2 e5 37. Ke3 Ke6 38. g4 Kd5 39. Nd2 exf4+ 40. Kxf4 Kd4 41. Ne4 Ne5 42. Nd6 Kd5 43. Nb5 Nc6 44. h4 a5 45. a4 Nb4 46. h5 Nd3+ 47. Ke3 Nc5 48. g5 Ke5 {Ke4+} 1/2-1/2

[Event "WYCC 2018 G14"]
[Site "Halkidiki"]
[Date "2018.10.23"]
[Round "5"]
[White "Mironenko, Galina"]
[Black "De Rycke, Tyani"]
[Result "1/2-1/2"]
[ECO "D02"]
[WhiteElo "2053"]
[BlackElo "1758"]
[Annotator "NA"]
[PlyCount "92"]
[EventDate "2018.10.20"]
[EventType "swiss"]
[EventCountry "GRE"]
[SourceTitle "playchess.com"]
[Source "ChessBase"]
[SourceQuality "1"]
[TimeControl "40/5400+30:1800+30"]

1. d4 d5 2. Nf3 Nf6 3. c4 e6 4. e3 Be7 5. Bd3 O-O 6. O-O b6 7. b3 Bb7 8. Bb2 Nbd7 9. Nbd2 Ne4 10. Qc2 Ndf6 11. Ne5 Nxd2 12. Qxd2 Ne4 13. Qc2 f6 14. cxd5 exd5 15. Nc6 Qd6 16. Rac1 Bxc6 17. Qxc6 Qxc6 18. Rxc6 Bd6 19. h4 Rae8 20. f3 Ng3 21. Re1 f5 22. Kf2 Nh5 23. f4 g6 24. Be2 Nf6 25. Bf3 Re7 26. Bc1 Rfe8 27. Bd2 Kf7 28. b4 a6 29. Rb1 Ne4+ 30. Bxe4 Rxe4 31. g3 Ra8 32. a4 Ke7 33. h5 Kd7 34. Rc2 g5 35. Rh1 g4 36. Ke2 h6 37. Rhc1 Ree8 38. Kd3 Reb8 39. Ra2 Rb7 40. Rb1 Rbb8 41. b5 a5 42. Bc1 Rc8 43. Ba3 c6 44. Bxd6 Kxd6 45. bxc6 Rxc6 46. Rab2 Ra6 {Ke4 Ke5+} 1/2-1/2

[Event "WYCC 2018 G14"]
[Site "Halkidiki"]
[Date "2018.10.23"]
[Round "5"]
[White "Wikar, Martyna"]
[Black "Kuhar, Larisa"]
[Result "1/2-1/2"]
[ECO "A45"]
[WhiteElo "2024"]
[BlackElo "1916"]
[Annotator "NA"]
[PlyCount "63"]
[EventDate "2018.10.20"]
[EventType "swiss"]
[EventCountry "GRE"]
[SourceTitle "playchess.com"]
[Source "ChessBase"]
[SourceQuality "1"]
[TimeControl "40/5400+30:1800+30"]

1. d4 Nf6 2. Nc3 d5 3. Bf4 Bf5 4. e3 a6 $11 {[%emt 0:06:40] LiveBook: 17 Games} 5. Nf3 e6 6. Bd3 Bxd3 7. Qxd3 c5 8. O-O Nc6 9. a3 c4 10. Qd2 b5 11. Ne5 Qb6 12. f3 Nh5 13. Nxc6 Qxc6 14. Bg5 h6 15. Bh4 Bd6 16. Kh1 Qc7 17. g4 Nf6 18. Bxf6 gxf6 19. f4 h5 20. g5 fxg5 21. fxg5 O-O-O 22. e4 dxe4 23. Nxe4 h4 24. Qg2 Kb8 25. h3 Qb7 26. c3 Rhg8 27. Rae1 f5 28. Nxd6 Qxg2+ 29. Kxg2 Rxg5+ 30. Kh2 Rxd6 31. Rf4 Rh5 32. Re5 1/2-1/2

[Event "WYCC 2018 G14"]
[Site "Halkidiki"]
[Date "2018.10.23"]
[Round "5"]
[White "Toncheva, Nadya"]
[Black "Gabbani, Sara"]
[Result "1/2-1/2"]
[ECO "D10"]
[WhiteElo "2002"]
[BlackElo "1764"]
[Annotator "NA"]
[PlyCount "107"]
[EventDate "2018.10.20"]
[EventType "swiss"]
[EventCountry "GRE"]
[SourceTitle "playchess.com"]
[Source "ChessBase"]
[SourceQuality "1"]
[TimeControl "40/5400+30:1800+30"]

1. d4 d5 2. c4 c6 3. Nc3 dxc4 4. e4 b5 $1 5. a4 b4 6. Na2 Nf6 7. f3 e5 8. dxe5 Qxd1+ 9. Kxd1 Nfd7 10. e6 fxe6 11. Bxc4 $15 {LiveBook: 8 Games} Nb6 12. Bb3 a5 13. Be3 c5 14. Rc1 Na6 15. Nh3 Bd7 16. Ng5 Nxa4 17. Kc2 Rc8 18. Kb1 Nb6 19. Bxe6 Bxe6 20. Nxe6 Kf7 21. Ng5+ Ke8 22. e5 Nd5 23. Bf2 Be7 24. Ne4 Nf4 25. Rc4 g5 26. g4 h5 27. Nc1 a4 28. Bg3 Nd5 29. Re1 Kd7 30. e6+ Kc6 31. Nd3 h4 32. Ne5+ Kb5 33. Bf2 Nf4 34. Rc2 Nxe6 35. Nf7 Rhd8 36. Nxd8 Rxd8 37. Nc3+ bxc3 38. Rxe6 Nb4 39. Rxc3 Bf8 40. Re1 Nd3 41. Rd1 c4 42. Be3 Be7 43. Rc2 Rf8 44. Rf1 Rd8 45. Re2 Bf6 46. f4 Re8 47. fxg5 Bxb2 48. Rxb2+ Nxb2 49. Bd4 Nd3 50. g6 Kb4 51. Rf5 a3 52. g7 Kb3 53. Rb5+ Ka4 54. Rf5 1/2-1/2

[Event "WYCC 2018 G14"]
[Site "Halkidiki"]
[Date "2018.10.23"]
[Round "5"]
[White "Kamalidenova, Meruert"]
[Black "Sleurs, Juliette"]
[Result "1-0"]
[ECO "D02"]
[WhiteElo "1999"]
[BlackElo "1812"]
[Annotator "NA"]
[PlyCount "123"]
[EventDate "2018.10.20"]
[EventType "swiss"]
[EventCountry "GRE"]
[SourceTitle "playchess.com"]
[Source "ChessBase"]
[SourceQuality "1"]
[TimeControl "40/5400+30:1800+30"]

1. d4 d5 2. Nf3 Nf6 3. c4 c6 4. g3 Bf5 5. Bg2 e6 6. O-O Be7 7. Nc3 h6 8. Nd2 O-O 9. e4 dxe4 10. Ndxe4 Nxe4 11. Nxe4 Nd7 12. Be3 Nf6 13. Nc3 Qb6 14. Qe2 Qa6 15. h3 Rab8 16. Bf4 Rbd8 17. Rfd1 Rd7 18. Bf1 Rfd8 19. Be3 Qa5 20. a3 a6 21. b4 Qc7 22. Rac1 a5 23. Qb2 axb4 24. axb4 b6 25. Bg2 Rb8 26. Ra1 b5 27. cxb5 cxb5 28. Rdc1 Qd8 29. Ra5 Nd5 30. Nxd5 exd5 31. Bf4 Bd6 32. Bxd6 Rxd6 33. Bf1 Qd7 34. Kh2 Rdb6 35. Qd2 Qb7 36. Qf4 Rc8 37. Rc5 Bd7 38. Qe5 Re8 39. Qc7 Rb8 40. Ra7 Qxc7 41. Rcxc7 Be6 42. f4 Rf8 43. Bg2 g6 44. g4 h5 45. Kg3 hxg4 46. hxg4 Rbb8 47. Kh4 Ra8 48. Kg5 Rxa7 49. Rxa7 Rc8 50. f5 gxf5 51. gxf5 Rc2 52. Bf3 Bxf5 53. Kxf5 Rc4 54. Ke5 f6+ 55. Kxd5 Rxb4 56. Rb7 Kf8 57. Be2 f5 58. Rxb5 Ra4 59. Rb3 Ke7 60. Ke5 Ra5+ 61. d5 Kd7 62. Bf3 1-0

[Event "WYCC 2018 G14"]
[Site "Halkidiki"]
[Date "2018.10.23"]
[Round "5"]
[White "Guillo Longares, Cecilia"]
[Black "Divya Deshmukh"]
[Result "0-1"]
[ECO "E16"]
[WhiteElo "1998"]
[BlackElo "2180"]
[Annotator "NA"]
[PlyCount "58"]
[EventDate "2018.10.20"]
[EventType "swiss"]
[EventCountry "GRE"]
[SourceTitle "playchess.com"]
[Source "ChessBase"]
[SourceQuality "1"]
[TimeControl "40/5400+30:1800+30"]

1. d4 Nf6 2. c4 e6 3. Nf3 Bb4+ 4. Bd2 Qe7 5. g3 Nc6 6. Bg2 {[%emt 0:00:03] LiveBook: 1449 Games} Bxd2+ 7. Nbxd2 d6 8. O-O O-O 9. Rb1 a5 10. b3 e5 11. dxe5 dxe5 12. Qc2 e4 13. Nh4 g5 14. Nxe4 gxh4 $19 15. gxh4 Nxe4 16. Bxe4 Nb4 17. Bxh7+ Kh8 18. Qe4 Qf6 19. a3 Bh3 20. Rfd1 Rae8 21. Qf3 Qxf3 22. exf3 Kxh7 23. axb4 Rg8+ 24. Kh1 Bg2+ 25. Kg1 Bxf3+ 26. Kf1 Be2+ 27. Ke1 Rg1+ 28. Kd2 Bxd1 29. Rxd1 Rd8+ 0-1

[Event "WYCC 2018 G14"]
[Site "Halkidiki"]
[Date "2018.10.23"]
[Round "5"]
[White "Eizaguerri Floris, Maria"]
[Black "Nguyen, Thien Ngan"]
[Result "1-0"]
[ECO "C54"]
[WhiteElo "1987"]
[BlackElo "1888"]
[Annotator "NA"]
[PlyCount "99"]
[EventDate "2018.10.20"]
[EventType "swiss"]
[EventCountry "GRE"]
[SourceTitle "playchess.com"]
[Source "ChessBase"]
[SourceQuality "1"]
[TimeControl "40/5400+30:1800+30"]

1. e4 e5 2. Nf3 Nc6 3. Bc4 Bc5 4. c3 Nf6 5. d4 exd4 6. e5 d5 7. Bb5 Ne4 8. cxd4 Bb6 9. Nc3 Bg4 10. Be3 O-O 11. h3 Bh5 12. Qc2 Bg6 13. Qb3 Ba5 14. O-O Ne7 15. Nh4 $14 Nf5 16. Nxg6 hxg6 17. Nxe4 dxe4 18. Rfd1 c6 19. Be2 Bb6 20. Qc3 Qh4 21. a4 Rac8 22. a5 Bd8 23. a6 b6 24. d5 Bg5 25. Bxg5 Qxg5 26. d6 e3 27. Rf1 Nh4 28. Bg4 e2 29. Rfe1 Rce8 30. Rxe2 f5 31. Qc4+ Kh7 32. f4 Qh6 33. Bf3 Nxf3+ 34. gxf3 Qh4 35. e6 b5 36. Qd4 c5 37. Qe5 Qg3+ 38. Rg2 Qxf3 39. e7 Rf7 40. d7 Rexe7 41. d8=Q Rxe5 42. fxe5 Qe3+ 43. Kh1 f4 44. Qh4+ Kg8 45. Re1 Qf3 46. e6 Rf8 47. Qg4 Qd3 48. Qxg6 Qxh3+ 49. Kg1 Qh7 50. e7 1-0

[Event "WYCC 2018 G14"]
[Site "Halkidiki"]
[Date "2018.10.23"]
[Round "5"]
[White "Stepanyan, Eva"]
[Black "Kurmangaliyeva, Liya"]
[Result "1-0"]
[ECO "B56"]
[WhiteElo "1981"]
[BlackElo "1733"]
[Annotator "NA"]
[PlyCount "95"]
[EventDate "2018.10.20"]
[EventType "swiss"]
[EventCountry "GRE"]
[SourceTitle "playchess.com"]
[Source "ChessBase"]
[SourceQuality "1"]
[TimeControl "40/5400+30:1800+30"]

1. e4 c5 2. Nf3 Nc6 3. d4 cxd4 4. Nxd4 Nf6 5. Nc3 d6 $14 {[%emt 0:00:08] LiveBook: 31986 Games} 6. f3 e5 7. Nb3 Be7 8. Be3 Be6 9. Nd5 Bxd5 10. exd5 Nb4 11. c4 a5 12. Qd2 b6 13. Be2 Na6 14. O-O O-O 15. Nc1 Nd7 16. Bd3 f5 17. Ne2 f4 18. Bf2 Nac5 19. Bc2 Bg5 20. Nc3 Rc8 21. Qe2 Qf6 22. a3 Bh4 23. Bxc5 Nxc5 24. b4 Nb7 25. Ne4 Qd8 26. Ba4 Be7 27. Rfc1 Qc7 28. Qd3 Rfd8 29. Bc6 Qb8 30. Qb3 Qc7 31. Bxb7 a4 32. Qxa4 Qxb7 33. Qb3 Kh8 34. a4 Qd7 35. a5 bxa5 36. Rxa5 g5 37. Rca1 Rc7 38. h3 h5 39. Ra8 Rdc8 40. Rxc8+ Rxc8 41. c5 g4 42. hxg4 hxg4 43. fxg4 Qb7 44. g5 Kg7 45. Qh3 dxc5 46. Qh6+ Kg8 47. Qe6+ Kf8 48. g6 1-0

[Event "WYCC 2018 G14"]
[Site "Halkidiki"]
[Date "2018.10.23"]
[Round "5"]
[White "Lehaci, Miruna-Daria"]
[Black "Wen, Yili"]
[Result "0-1"]
[ECO "E12"]
[WhiteElo "1933"]
[BlackElo "2083"]
[Annotator "NA"]
[PlyCount "82"]
[EventDate "2018.10.20"]
[EventType "swiss"]
[EventCountry "GRE"]
[SourceTitle "playchess.com"]
[Source "ChessBase"]
[SourceQuality "1"]
[TimeControl "40/5400+30:1800+30"]

1. d4 Nf6 2. Nf3 b6 3. c4 e6 4. a3 Bb7 5. Nc3 d5 6. cxd5 Nxd5 7. Qc2 Be7 8. Bd2 O-O 9. e4 Nxc3 10. Bxc3 c5 11. dxc5 bxc5 12. Rd1 Qc8 13. Bd3 Ba6 14. O-O Bxd3 15. Rxd3 Nd7 16. Nd2 Nb6 17. Rg3 f6 18. f4 Qa6 19. Qd1 Rf7 20. f5 e5 21. Qh5 Nd7 22. Nb1 Nf8 23. Bd2 Qb7 24. Qg4 Nd7 25. Bh6 Bf8 26. Bc1 c4 27. Nc3 Nc5 28. Qe2 Nd3 29. b4 a5 30. bxa5 Rxa5 31. a4 Bb4 32. Bd2 Bxc3 33. Bxc3 Rxa4 34. Kh1 Qa7 35. Bd2 Ra2 36. Qd1 Nf2+ 37. Rxf2 Ra1 38. Rf1 Rxd1 39. Rxd1 Qd4 40. Ra3 Rd7 41. h4 Qb2 0-1

[Event "WYCC 2018 G14"]
[Site "Halkidiki"]
[Date "2018.10.23"]
[Round "5"]
[White "Zhu, Evelyn"]
[Black "Arauco Celestino, Arianna Sofia"]
[Result "1-0"]
[ECO "D47"]
[WhiteElo "1926"]
[BlackElo "1610"]
[Annotator "NA"]
[PlyCount "95"]
[EventDate "2018.10.20"]
[EventType "swiss"]
[EventCountry "GRE"]
[SourceTitle "playchess.com"]
[Source "ChessBase"]
[SourceQuality "1"]
[TimeControl "40/5400+30:1800+30"]

1. d4 d5 2. c4 c6 3. Nc3 Nf6 4. e3 e6 5. Nf3 Nbd7 6. Bd3 dxc4 7. Bxc4 b5 8. Bd3 Bd6 9. a4 b4 10. Ne4 Be7 11. O-O a5 12. Nxf6+ Nxf6 13. Ne5 Qc7 14. Nxc6 Bd6 15. f4 Bb7 16. Ne5 O-O 17. Bd2 Rfc8 18. Rc1 Qe7 19. Nc4 Bc7 20. Qc2 h6 21. h3 Nh5 22. Be1 f5 23. Qe2 Qe8 24. Nd2 g5 25. g4 gxf4 26. gxh5 fxe3 27. Qxe3 f4 28. Qe2 Qe7 29. Nf3 Kh8 30. Be4 Rg8+ 31. Kh1 Ba6 32. Bd3 Bb7 33. Be4 Ba6 34. Bd3 Bb7 35. Kh2 Raf8 36. Qc2 Bd6 37. Bg6 Qf6 38. Bh4 Qg7 39. Qd3 Bc8 40. Rc6 Bb8 41. Rc5 Qa7 42. Rxc8 Rxc8 43. Bf6+ Rg7 44. Ne5 Kg8 45. Bxg7 Kxg7 46. Rxf4 Rc7 47. Bh7 Kh8 48. Qg6 1-0

[Event "WYCC 2018 G14"]
[Site "Halkidiki"]
[Date "2018.10.23"]
[Round "5"]
[White "Rodriguez Redondo, Adhara"]
[Black "Zeliantsova, Kseniya"]
[Result "1-0"]
[ECO "B40"]
[WhiteElo "1911"]
[BlackElo "1804"]
[Annotator "NA"]
[PlyCount "77"]
[EventDate "2018.10.20"]
[EventType "swiss"]
[EventCountry "GRE"]
[SourceTitle "playchess.com"]
[Source "ChessBase"]
[SourceQuality "1"]
[TimeControl "40/5400+30:1800+30"]

1. e4 c5 2. Nf3 e6 3. d4 cxd4 4. Nxd4 Nf6 5. Nc3 Nc6 6. Ndb5 Bb4 7. a3 Bxc3+ 8. Nxc3 d5 9. exd5 exd5 10. Bd3 O-O 11. O-O h6 12. h3 Be6 13. Re1 d4 14. Ne2 Re8 15. b4 Bd5 16. b5 Na5 17. Bb2 Nh5 18. Nxd4 Rxe1+ 19. Qxe1 Qg5 20. Bf1 Nc4 21. Bc1 Qf6 22. c3 Nd6 23. Be3 Re8 24. Qd1 Ng3 25. Qg4 Nge4 26. Rc1 Nc4 27. Bxc4 Bxc4 28. Nf5 Bxb5 29. Bd4 Qg6 30. f3 Ng5 31. h4 Bd3 32. Nxg7 Re2 33. hxg5 hxg5 34. Qc8+ Kh7 35. Qh3+ Kg8 36. Qc8+ Kh7 37. Qh3+ Kg8 38. Ne8 Kf8 39. Nf6 1-0

[Event "WYCC 2018 G14"]
[Site "Halkidiki"]
[Date "2018.10.23"]
[Round "5"]
[White "Ehsani, Yassamin"]
[Black "Villanyi, Alexia"]
[Result "1-0"]
[ECO "B24"]
[WhiteElo "1875"]
[BlackElo "1709"]
[Annotator "NA"]
[PlyCount "131"]
[EventDate "2018.10.20"]
[EventType "swiss"]
[EventCountry "GRE"]
[SourceTitle "playchess.com"]
[Source "ChessBase"]
[SourceQuality "1"]
[TimeControl "40/5400+30:1800+30"]

1. e4 c5 2. Nc3 Nc6 3. Bb5 Nd4 4. Bc4 e6 5. Nge2 Be7 6. d3 a6 7. a4 d6 8. O-O Nf6 9. Nxd4 cxd4 10. Ne2 e5 11. c3 dxc3 12. Nxc3 Be6 13. Qb3 Bxc4 14. dxc4 Rb8 15. Be3 Qd7 16. f3 O-O 17. Qa2 Rfc8 18. b3 Qc6 19. Qf2 Bd8 20. Rfd1 Ba5 21. Rac1 Bb4 22. g3 b6 23. Rd3 Bc5 24. Rcd1 Rd8 25. Nd5 Nxd5 26. Rxd5 Rd7 27. Qd2 Rbd8 28. Kg2 Bxe3 29. Qxe3 f6 30. Qd3 Kf7 31. h4 Ke7 32. f4 Qc7 33. f5 Qc6 34. g4 h6 35. Qd2 Rh8 36. Kf3 Qc7 37. Kg3 Qb8 38. Kh2 Qc7 39. Kh3 Rdd8 40. Kg3 Qb8 41. Kf3 Qc7 42. Qg2 Qb8 43. R1d3 Qc7 44. Qd2 Qb8 45. Qb2 Qc7 46. Qa2 Qb8 47. a5 Qc7 48. Kg2 Rd7 49. Qa3 Rhd8 50. axb6 Qxb6 51. Ra5 Ra8 52. Rad5 Rad8 53. Qa5 Qxa5 54. Rxa5 Ra7 55. Kf2 Kd7 56. Ke2 Kc6 57. b4 Rdd7 58. Kd2 Kb6 59. Kc3 Rac7 60. Rad5 Rc6 61. Kb3 Kb7 62. c5 Kc7 63. Ka4 Kb7 64. Rxd6 Rcxd6 65. Rxd6 Rc7 66. Ka5 1-0

[Event "WYCC 2018 G14"]
[Site "Halkidiki"]
[Date "2018.10.23"]
[Round "5"]
[White "Behzad Nazif, Parva"]
[Black "Mocanu, Paula"]
[Result "1-0"]
[ECO "D35"]
[WhiteElo "1859"]
[BlackElo "1680"]
[Annotator "NA"]
[PlyCount "135"]
[EventDate "2018.10.20"]
[EventType "swiss"]
[EventCountry "GRE"]
[SourceTitle "playchess.com"]
[Source "ChessBase"]
[SourceQuality "1"]
[TimeControl "40/5400+30:1800+30"]

1. d4 d5 2. c4 e6 3. Nc3 Nf6 4. cxd5 exd5 5. Bg5 c6 6. e3 Be7 7. Bd3 Ne4 8. Bxe7 Qxe7 9. Nge2 Bf5 10. Qc2 Nd7 11. O-O O-O 12. Nf4 Ndf6 13. Na4 Bg6 14. Nxg6 hxg6 15. Rfe1 Rfe8 16. f3 Ng5 17. Nc3 Rad8 18. Qa4 a6 19. Rad1 Nh5 20. Qc2 Nf6 21. Qf2 Ne6 22. Bc2 Qb4 23. Bb1 Qb6 24. a3 a5 25. Ba2 Qc7 26. e4 g5 27. exd5 cxd5 28. Re5 Qc6 29. Bb3 Rf8 30. h3 g6 31. Qf1 Kg7 32. Qb5 Qxb5 33. Nxb5 Kh6 34. Nc3 Nf4 35. Kh2 Rfe8 36. g3 N4h5 37. Nxd5 Nxd5 38. Bxd5 Nf6 39. Rxe8 Rxe8 40. Bc4 Rc8 41. Bb3 b5 42. Rd2 Kg7 43. Kg2 Ne8 44. Kf2 Nd6 45. Rc2 Rxc2+ 46. Bxc2 Nc4 47. Bd3 Nxb2 48. Bxb5 Nd1+ 49. Ke1 Ne3 50. Bd3 Kf6 51. Kd2 Nd5 52. Be4 Nb6 53. Kc3 Ke6 54. Bb1 Nd5+ 55. Kc4 Ne3+ 56. Kc5 Nf1 57. g4 Nd2 58. Ba2+ Ke7 59. Bd5 Nb1 60. a4 Nc3 61. Bc6 Ne2 62. d5 Nf4 63. d6+ Kd8 64. Kb6 Nxh3 65. Kxa5 f5 66. Kb6 fxg4 67. fxg4 Nf2 68. a5 1-0

[Event "WYCC 2018 G14"]
[Site "Halkidiki"]
[Date "2018.10.23"]
[Round "5"]
[White "Moracchini, Margaux"]
[Black "Dhyana Patel"]
[Result "0-1"]
[ECO "B22"]
[WhiteElo "1838"]
[BlackElo "2002"]
[Annotator "NA"]
[PlyCount "64"]
[EventDate "2018.10.20"]
[EventType "swiss"]
[EventCountry "GRE"]
[SourceTitle "playchess.com"]
[Source "ChessBase"]
[SourceQuality "1"]
[TimeControl "40/5400+30:1800+30"]

1. e4 c5 2. c3 d5 3. exd5 Qxd5 4. d4 Nc6 5. Nf3 Bf5 6. Be3 cxd4 7. Nxd4 e6 8. Nxf5 Qxf5 9. Bd3 Qe5 10. O-O O-O-O 11. Qc2 Nf6 12. h3 (12. Qe2 $11 {remains equal.}) 12... Bd6 $17 13. g3 Nd5 14. Bd4 Qh5 15. Kg2 Kb8 16. Be4 Qg5 17. Kh2 Bc7 18. Bc5 f5 19. Bxd5 Rxd5 20. f4 Qh5 21. Be3 Rhd8 22. Qf2 b6 23. Nd2 e5 24. Nf3 exf4 25. gxf4 g5 26. Nd4 Nxd4 27. cxd4 Re8 28. Qf3 Qxf3 29. Rxf3 Rxe3 30. Rxe3 Bxf4+ 31. Rg3 Rxd4 32. Rf1 Rd2+ 0-1

[Event "WYCC 2018 G14"]
[Site "Halkidiki"]
[Date "2018.10.23"]
[Round "5"]
[White "Brunner, Sophia"]
[Black "Guo, Hazel"]
[Result "1/2-1/2"]
[ECO "A84"]
[WhiteElo "1812"]
[BlackElo "1262"]
[Annotator "NA"]
[PlyCount "84"]
[EventDate "2018.10.20"]
[EventType "swiss"]
[EventCountry "GRE"]
[SourceTitle "playchess.com"]
[Source "ChessBase"]
[SourceQuality "1"]
[TimeControl "40/5400+30:1800+30"]

1. d4 e6 2. c4 f5 3. Nc3 Bb4 4. Nf3 Nf6 5. Bg5 b6 6. e3 Bb7 7. Bd3 O-O 8. a3 Bxc3+ 9. bxc3 d6 10. O-O Nbd7 11. Nd2 h6 12. Bxf6 Qxf6 13. f3 Rae8 14. Qa4 Re7 15. Qxa7 Rb8 16. Qa4 Qg5 17. Rae1 Qh5 18. Qc2 Rf8 19. e4 f4 20. Rf2 e5 21. Nb3 g5 22. c5 bxc5 23. dxc5 Nf6 24. Be2 Qg6 25. Nd2 h5 26. Qb3+ Kh8 27. Qxb7 g4 28. Rff1 Rg7 29. Qb2 h4 30. fxg4 Nxg4 31. Bxg4 Qxg4 32. Nf3 Rfg8 33. Re2 h3 34. Rff2 hxg2 35. cxd6 cxd6 36. c4 Qh3 37. Qd2 Rh7 38. Rxg2 Qxf3 39. Rxg8+ Kxg8 40. Rg2+ Kh8 41. Qxd6 Qe3+ 42. Kh1 Qe1+ 1/2-1/2

[Event "WYCC 2018 G14"]
[Site "Halkidiki"]
[Date "2018.10.23"]
[Round "5"]
[White "Bardorz, Jana"]
[Black "Saraci, Rinesa"]
[Result "1-0"]
[ECO "C46"]
[WhiteElo "1810"]
[BlackElo "1138"]
[Annotator "NA"]
[PlyCount "117"]
[EventDate "2018.10.20"]
[EventType "swiss"]
[EventCountry "GRE"]
[SourceTitle "playchess.com"]
[Source "ChessBase"]
[SourceQuality "1"]
[TimeControl "40/5400+30:1800+30"]

1. e4 e5 2. Nf3 Nc6 3. Nc3 Bc5 4. Nxe5 Bxf2+ 5. Kxf2 Nxe5 6. d4 Ng6 7. Bc4 d6 8. Rf1 Be6 9. Bb3 Qe7 10. Kg1 O-O-O 11. d5 Bd7 12. Qd4 Kb8 13. Be3 b6 14. Qxg7 Rf8 15. Bd4 f6 16. Qxe7 N6xe7 17. Rf2 Ng6 18. Raf1 Ne5 19. Ne2 h6 20. Ng3 Be8 21. Nf5 Rh7 22. c3 Bg6 23. Bc2 Bxf5 24. Rxf5 Kc8 25. Bxe5 dxe5 26. Rxe5 Rhf7 27. Ref5 Kd7 28. e5 Ke8 29. Bd1 Ke7 30. Bb3 Rg7 31. Re1 Kd8 32. d6 cxd6 33. exd6 Rg6 34. Ba4 Rg5 35. d7 Ne7 36. Rxg5 fxg5 37. Rf1 Rxf1+ 38. Kxf1 a6 39. c4 Ng8 40. Kf2 Nf6 41. Kf3 h5 42. h3 a5 43. a3 Nxd7 44. Bxd7 Kxd7 45. Ke4 Ke6 46. b4 a4 47. g4 h4 48. c5 bxc5 49. bxc5 Kd7 50. Kf5 Kc6 51. Kxg5 Kxc5 52. Kxh4 Kc4 53. g5 Kb3 54. g6 Kxa3 55. g7 Kb2 56. g8=Q a3 57. Kg5 a2 58. Qxa2+ Kxa2 59. h4 1-0

[Event "WYCC 2018 G14"]
[Site "Halkidiki"]
[Date "2018.10.23"]
[Round "5"]
[White "Zeng, Sheena"]
[Black "Sim, Jia Ru"]
[Result "1-0"]
[ECO "D21"]
[WhiteElo "1807"]
[BlackElo "1979"]
[Annotator "NA"]
[PlyCount "123"]
[EventDate "2018.10.20"]
[EventType "swiss"]
[EventCountry "GRE"]
[SourceTitle "playchess.com"]
[Source "ChessBase"]
[SourceQuality "1"]
[TimeControl "40/5400+30:1800+30"]

1. d4 d5 2. c4 dxc4 3. Nf3 c5 4. e3 cxd4 5. Bxc4 Qc7 6. Qb3 e6 7. exd4 Nf6 8. O-O Nc6 9. Nc3 a6 10. Bd3 Be7 11. h3 O-O 12. Be3 Nb4 13. Bb1 Nbd5 14. Nxd5 $11 Nxd5 15. Be4 Nf6 16. Bd3 b5 17. Rac1 Qd6 18. Ng5 Bb7 19. f3 h6 20. Ne4 Qb8 21. Nxf6+ Bxf6 22. Be4 Rd8 23. Rfd1 Bd5 24. Bxd5 Rxd5 25. Rc5 Rd7 26. Qc2 Qd8 27. Qe4 Qf8 28. a4 Rb8 29. axb5 axb5 30. Rdc1 Qd8 31. Rd1 Rd6 32. d5 Bxb2 33. Bf4 Rxd5 34. Rcxd5 exd5 35. Qb4 Qb6+ 36. Kh1 Rd8 37. Qxb2 d4 38. Qb4 d3 39. Qe4 Rd4 40. Be3 Rxe4 41. Bxb6 Re6 42. Bc5 Rc6 43. Bb4 Rc4 44. Ba5 Rd4 45. Kg1 f5 46. Bc3 Rd5 47. f4 g5 48. fxg5 hxg5 49. Kf2 Kf7 50. Ke3 f4+ 51. Ke4 Ke6 52. Rxd3 Rxd3 53. Kxd3 Kf5 54. Ke2 g4 55. hxg4+ Kxg4 56. Kf2 Kg5 57. Kf3 Kf5 58. Bd2 Kg6 59. Kxf4 Kf6 60. Bb4 Kg6 61. Kg4 Kf7 62. Kf5 1-0